 Dungeon Crawl Stone Soup version 0.17.0-56-gd8de76c (webtiles) character file.

366 Peloso the Shield-Bearer (level 6, -10/56 HPs)
             Began as a Minotaur Fighter on Dec 5, 2015.
             Was an Initiate of Okawaru.
             Mangled by an ogre
             ... wielding a +0 giant spiked club
              (17 damage)
             ... on level 4 of the Dungeon.
             The game lasted 00:10:10 (2925 turns).

Peloso the Shield-Bearer (Minotaur Fighter)         Turns: 2925, Time: 00:10:10

Health: -10/56     AC:  9    Str: 21    XL:     6   Next: 40%
Magic:  5/5        EV:  9    Int:  5    God:    Okawaru [......]
Gold:   279        SH: 11    Dex: 13    Spells: 0 memorised, 5 levels left

rFire  . . .     SeeInvis .     a - +0 long sword
rCold  . . .     Clarity  .     b - +0 scale mail
rNeg   . . .     SustAt   .     c - +1 shield
rPois  .         Gourm    .     (helmet restricted)
rElec  .         Spirit   .     x - +1 cloak
rCorr  .         Warding  .     (no gloves)
rMut   .         Rnd*Tele +     (no boots)
MR     .....                    (no amulet)
Stlth  ..........               t - ring of teleportation (curse)
                                o - +2 ring of dexterity

@: not resistant to hostile enchantments, extremely unstealthy
A: retaliatory headbutt, horns 2
a: Renounce Religion, Evoke Teleportation


You were on level 4 of the Dungeon.
You worshipped Okawaru.
Okawaru was noncommittal.
You were not hungry.

You visited 2 branches of the dungeon, and saw 5 of its levels.

You collected 279 gold pieces.

Inventory:

Hand Weapons
 a - a +0 long sword (weapon)
Armour
 b - a +0 scale mail (worn)
 c - a +1 shield (worn)
 s - a +0 cloak
 x - a +1 cloak (worn)
Jewellery
 o - a +2 ring of dexterity (left hand)
 t - a cursed ring of teleportation (right hand)
Scrolls
 g - 2 scrolls of teleportation
 k - 3 scrolls of identify
 m - 3 scrolls of remove curse
 w - a scroll of enchant armour
 y - a scroll of fear {unknown}
Potions
 d - a potion of might
 j - a potion of haste
 n - a potion of curing
 p - a potion of cancellation
 r - 3 potions of heal wounds
 v - a potion of poison {unknown}
Books
 i - a book of the Dragon

   Spells                             Type                      Level
   a - Flame Tongue                   Conjuration/Fire             1
   b - Cause Fear                     Hexes                        4
   c - Bolt of Fire                   Conjuration/Fire             6
   d - Dragon Form                    Transmutation                7
   e - Dragon's Call                  Summoning                    9
 u - a book of the Warp

   Spells                             Type                      Level
   a - Recall                         Summoning/Translocation      3
   b - Gell's Gravitas                Hexes/Translocation          3
   c - Force Lance                    Conjuration/Translocation    4
   d - Phase Shift                    Translocation                5
   e - Warp Weapon                    Charms/Translocation         5
   f - Summon Forest                  Summoning/Translocation      5
Comestibles
 e - 3 bread rations
 f - a slice of pizza
 h - 3 meat rations
 l - a beef jerky
 q - 6 chunks of flesh


   Skills:
 + Level 5.2 Fighting
 + Level 3.7 Long Blades
 + Level 5.1 Armour
 + Level 2.5 Dodging
 + Level 5.4 Shields


You had 5 spell levels left.
You didn't know any spells.

Dungeon Overview and Level Annotations

Branches:
Dungeon (4/15)             Temple (1/1) D:4

Altars:
Ashenzari
Dithmenos
Fedhas
Gozag
Kikubaaqudgha
Makhleb
Nemelex Xobeh
Okawaru
Ru
Sif Muna
Vehumet
Zin
The Shining One


Innate Abilities, Weirdness & Mutations

You reflexively headbutt those who attack you in melee.
You have a pair of horns on your head.


Message History

You continue eating. x2
y - a scroll labeled LOIDOE NAMIGUI An ogre comes into view.
It is wielding a giant spiked club.
The ogre hits you with a giant spiked club.
You hit the ogre.
The ogre is lightly wounded.
The ogre hits you with a giant spiked club!
You hit the ogre.
The ogre is lightly wounded.
You slash the ogre! Your headbutt misses the ogre.
The ogre is severely wounded.
The ogre hits you with a giant spiked club!!
You barely miss the ogre. Your headbutt misses the ogre.
The ogre is severely wounded.
The ogre hits you with a giant spiked club!!
* * * LOW HITPOINT WARNING * * *
You hit the ogre.
The ogre is severely wounded.
The ogre hits you with a giant spiked club!
You die...

#. .........
#.#.....[...
#.#.........
##########...........
#..........##########
#.............(...# #
#.................###
#....O.!.............
###...@......#####.....
#............# #.....
#.#.........######.....
#.#....................
#.#.........######.....
#.#####'##### #.....
#.# #.# #..... #.# #.#
#..... #.#####.####
#.....


You could see an ogre.

Vanquished Creatures
  2 ogres (D:4)
  Crazy Yiuf (D:3)
  An orc priest (D:4)
  4 gnolls
  2 adders (D:2)
  2 oozes
  2 worms (D:2)
  A giant gecko (D:2)
  4 orcs (D:4)
  4 giant cockroaches
  8 hobgoblins
  A quokka (D:2)
  A bat (D:1)
  4 giant newts
  6 goblins
  14 kobolds
  8 rats
65 creatures vanquished.

Notes
Turn   | Place    | Note
--------------------------------------------------------------
     0 | D:1      | Peloso the Minotaur Fighter began the quest for the Orb.
     0 | D:1      | Reached XP level 1. HP: 19/19 MP: 0/0
    42 | D:1      | Reached skill level 4 in Fighting
    42 | D:1      | Reached XP level 2. HP: 18/27 MP: 1/1
   458 | D:1      | Reached XP level 3. HP: 33/33 MP: 2/2
  1024 | D:2      | Reached XP level 4. HP: 41/41 MP: 3/3
  1617 | D:3      | Found a shattered altar of Ashenzari.
  1620 | D:3      | Found an ancient bone altar of Kikubaaqudgha.
  1621 | D:3      | Found a burning altar of Makhleb.
  1640 | D:3      | Found a glowing silver altar of Zin.
  1644 | D:3      | Found a blossoming altar of Fedhas.
  1918 | D:3      | Reached skill level 1 in Dodging
  2002 | D:3      | Noticed Crazy Yiuf
  2009 | D:3      | Killed Crazy Yiuf
  2009 | D:3      | Reached XP level 5. HP: 36/47 MP: 4/4
  2639 | D:4      | Noticed an ogre
  2648 | D:4      | Killed an ogre
  2648 | D:4      | Reached skill level 5 in Fighting
  2648 | D:4      | Reached skill level 5 in Shields
  2648 | D:4      | Reached XP level 6. HP: 52/56 MP: 5/5
  2657 | D:4      | Found a staircase to the Ecumenical Temple.
  2665 | Temple   | Entered the Ecumenical Temple
  2673 | Temple   | Became a worshipper of Warmaster Okawaru
  2788 | D:4      | Noticed an ogre
  2794 | D:4      | Killed an ogre
  2794 | D:4      | Reached skill level 5 in Armour
  2925 | D:4      | Mangled by an ogre

Action                   |  1- 3 |  4- 6 || total
-------------------------+-------+-------++-------
Melee: Long sword        |    88 |   102 ||   190
  Use: Scroll            |       |    12 ||    12
  Eat: Chunk             |     1 |     6 ||     7
